 Dungeon Crawl Stone Soup version 0.17-a0-633-gcf22183 (webtiles) character file.

3952 Magnus the Martial Artist (level 10, 0/82 HPs)
             Began as a Human Monk on Apr 17, 2015.
             Was a Priest of Zin.
             Succumbed to DEFE's ghost's poison
             ... on level 9 of the Dungeon.
             The game lasted 00:43:19 (14440 turns).

Magnus the Martial Artist (Human Monk)             Turns: 14440, Time: 00:43:19

Health: 0/82       AC:  5    Str: 14    XL:     10   Next: 45%
Magic:  10/10      EV: 19    Int: 11    God:    Zin [***...]
Gold:   378        SH:  0    Dex: 19    Spells: 0 memorised, 9 levels left

rFire  . . .     SeeInvis .       - Unarmed
rCold  . . .     Clarity  .     a - +1 robe
rNeg   + . .     SustAb   .     (no shield)
rPois  .         Gourm    .     (no helmet)
rElec  .         Spirit   .     (no cloak)
rCorr  .         Warding  .     d - +1 pair of gloves
rMut   .         Stasis   .     (no boots)
MR     .....                    (no amulet)
Stlth  ++........               n - +3 ring of strength
                                k - ring of positive energy

@: lethally poisoned (0 -> -31), flying, not resistant to hostile enchantments,
unstealthy
A: no striking features
a: Recite, Vitalisation, Imprison, Renounce Religion


You were on level 9 of the Dungeon.
You worshipped Zin.
Zin was most pleased with you.
You were very hungry.

You visited 1 branch of the dungeon, and saw 9 of its levels.

You collected 419 gold pieces.
You donated 41 gold pieces to Zin.

Inventory:

Hand weapons
 t - the +8 hand axe of Noon {antimagic, rF++ MR+, unknown}
   (You found it on level 4 of the Dungeon)

   It disrupts the flow of magical energy around spellcasters and certain
   magical creatures (including the wielder).
   It greatly protects you from fire.
   It affects your resistance to hostile enchantments.
Armour
 a - a +1 robe (worn)
 d - a +1 pair of gloves (worn)
Jewellery
 h - an uncursed amulet of warding
 k - a ring of positive energy (left hand)
 n - a +3 ring of strength (right hand)
Magical devices
 o - a wand of slowing (9)
 x - a wand of polymorph (1)
 y - a wand of slowing (29)
 A - a wand of cold (2)
Scrolls
 c - 6 scrolls of identify
 f - 3 scrolls of amnesia
 g - 3 scrolls of remove curse
 i - a scroll of immolation
 m - 3 scrolls of fear
 r - a scroll of vulnerability {unknown}
Potions
 e - a potion of cure mutation
 p - a potion of berserk rage
 s - 2 potions of magic
 u - 2 potions of restore abilities
 v - 3 potions of resistance
 z - 3 potions of brilliance
 B - a potion of flight
Books
 q - an Akashic Record {highlevel, unknown}

   This book is beyond your current level of understanding.

   Spells                             Type                      Level
   a - Dispersal                      Translocation                6
   b - Controlled Blink               Translocation                7
   c - Malign Gateway                 Summoning/Translocation      7
   d - Disjunction                    Translocation                8
   e - Singularity                    Translocation                9
 w - a book of the Tempests

   Spells                             Type                      Level
   a - Static Discharge               Conjuration/Air              3
   b - Lightning Bolt                 Conjuration/Air              5
   c - Fireball                       Conjuration/Fire             5
   d - Tornado                        Air                          9
   e - Shatter                        Earth                        9
Comestibles
 b - 7 bread rations
 j - 2 fruits
 l - 3 meat rations


   Skills:
 + Level 8.8 Fighting
 + Level 9.0 Dodging
 - Level 2.0 Stealth
 + Level 9.4 Unarmed Combat


You had 9 spell levels left.
You didn't know any spells.

Dungeon Overview and Level Annotations

Branches:
Dungeon (9/15)             Temple (0/1) D:7
   Lair: D:8-11         Orc: D:9-12

Altars:
Cheibriados
Elyvilon
Gozag
Makhleb
Vehumet
Yredelemnul
Zin

Annotations:
D:4 Magnus's ghost, experienced HuFi
D:5 Grinder
D:9 DEFE's ghost, powerful KoAs


Message History

* * * LOW HITPOINT WARNING * * *
You feel sick.
You barely miss DEFE's ghost.
DEFE's ghost is severely damaged.
* * * LOW HITPOINT WARNING * * *
You feel sick. DEFE's ghost misses you.
You hit DEFE's ghost.
DEFE's ghost is severely damaged.
DEFE's ghost hits you.
* * * LOW HITPOINT WARNING * * *
You are more poisoned.
You miss DEFE's ghost.
DEFE's ghost is severely damaged.
* * * LOW HITPOINT WARNING * * *
You feel sick. DEFE's ghost hits you. Zin protects you from harm!
You are more poisoned.
You hit DEFE's ghost but do no damage.
DEFE's ghost is severely damaged.
You die...

#.##..............#
#.##..####....?...#
#.. #.##..#
#........# #..#
#.##..# #.....(..
#..# #.##..#
#........ #..#
#.##..# #..W.....
#..# #.##..#
#....... #..# .
#.##.W# #...... #
#..# #..##.##.@#
#..... # #..#
#..##.##..# #..
###..# #..##.##..#
.....# #..##.##..#
.##..# #..##.....#
.##..###..##..#..#
.##.......##..#..#
.##.......##..#..#
.##..###..##..#..#


You could see DEFE's ghost.

Vanquished Creatures
  Pikel (D:7)
  A hungry ghost (D:7)
  A water moccasin (D:8)
  2 orc warriors (D:8)
  A sky beast (D:5)
  A slave (D:7)
  An ice beast (D:5)
  3 necrophages
  5 ogres
  3 centaurs
  A wyvern zombie (D:6)
  4 giant frogs
  A gnoll sergeant (D:6)
  3 wights (D:8)
  4 killer bees (D:8)
  4 crimson imps
  A giant frog zombie (D:8)
  A centaur zombie (D:8)
  4 hounds
  3 jellies
  3 orc priests
  4 orc wizards
  A centaur skeleton (D:7)
  3 iguanas
  5 worker ants
  A hound skeleton (D:4)
  A worker ant zombie (D:8)
  13 gnolls
  8 adders
  An ooze (D:1)
  2 adder skeletons
  5 worms
  3 giant geckos
  28 orcs
  2 bat skeletons
  3 giant cockroaches
  10 goblins
  15 hobgoblins
  4 jackals (D:5)
  14 kobolds
  4 quokkas
  2 ball pythons
  15 bats
  5 giant newts
  15 rats
212 creatures vanquished.

Vanquished Creatures (others)
  A slave (D:7)
  A worker ant (D:7)
  An adder (D:7)
  A shadow imp (D:7)
  A giant cockroach (D:7)
5 creatures vanquished.

Grand Total: 217 creatures vanquished

Notes
Turn   | Place    | Note
--------------------------------------------------------------
     0 | D:1      | Magnus, the Human Monk, began the quest for the Orb.
     0 | D:1      | Reached XP level 1. HP: 18/18 MP: 1/1
   118 | D:1      | Reached XP level 2. HP: 21/24 MP: 2/2
   610 | D:1      | Reached XP level 3. HP: 26/29 MP: 3/3
  1437 | D:2      | Reached XP level 4. HP: 19/36 MP: 4/4
  2289 | D:2      | Reached XP level 5. HP: 24/42 MP: 5/5
  2904 | D:3      | Found a burning altar of Makhleb.
  2911 | D:3      | Reached skill level 5 in Unarmed Combat
  3628 | D:3      | HP: 2/42 [gnoll/club (10)]
  3630 | D:3      | Reached XP level 6. HP: 3/48 MP: 6/6
  4472 | D:3      | Found a radiant altar of Vehumet.
  4717 | D:4      | Got a bloodstained hand axe
  5287 | D:4      | Noticed Magnus's ghost (experienced HuFi)
  5942 | D:3      | Gained mutation: You are robust (+10% HP). [potion of beneficial mutation]
  5956 | D:3      | Reached XP level 7. HP: 36/60 MP: 7/7
  6720 | D:5      | Entered Level 5 of the Dungeon
  6989 | D:5      | Reached skill level 5 in Fighting
  6989 | D:5      | Reached skill level 5 in Dodging
  7010 | D:5      | Reached skill level 6 in Unarmed Combat
  7462 | D:5      | Reached XP level 8. HP: 21/70 MP: 8/8
  7840 | D:5      | Noticed Grinder
  8906 | D:5      | Reached skill level 7 in Unarmed Combat
  9484 | D:6      | Found a snail-covered altar of Cheibriados.
  9596 | D:6      | Reached XP level 9. HP: 74/78 MP: 9/9
 10744 | D:7      | Noticed Pikel
 10770 | D:7      | Killed Pikel
 10770 | D:7      | Reached skill level 8 in Unarmed Combat
 11251 | D:7      | Found a glowing silver altar of Zin.
 11252 | D:7      | Found an opulent altar of Gozag.
 11270 | D:7      | Became a worshipper of Zin the Law-Giver
 11270 | D:7      | Acquired Zin's first power
 11270 | D:7      | Acquired Zin's second power
 11270 | D:7      | Acquired Zin's third power
 11416 | D:7      | Found a staircase to the Ecumenical Temple.
 11641 | D:7      | Found a white marble altar of Elyvilon.
 11727 | D:7      | Lost mutation: You are robust (+10% HP). [potion of cure mutation]
 11983 | D:8      | Reached XP level 10. HP: 9/80 MP: 10/10
 12875 | D:8      | Reached skill level 9 in Unarmed Combat
 12924 | D:8      | Found a burning altar of Makhleb.
 12925 | D:8      | Found a snail-covered altar of Cheibriados.
 12929 | D:8      | Found a basalt altar of Yredelemnul.
 14393 | D:9      | Noticed DEFE's ghost (powerful KoAs)
 14438 | D:9      | HP: 3/82 [DEFE's ghost (5)]
 14439 | D:9      | Zin protects you from harm!
 14440 | D:9      | Succumbed to DEFE's ghost's poison

Action                   |  1- 3 |  4- 6 |  7- 9 | 10-12 || total
-------------------------+-------+-------+-------+-------++-------
Melee: Unarmed           |    81 |   302 |   469 |   213 ||  1065
Invok: Recite            |       |       |     1 |     5 ||     6
       Vitalisation      |       |       |       |     2 ||     2
  Use: Potion            |       |     3 |     7 |     2 ||    12
       Scroll            |       |       |    14 |     1 ||    15
 Stab: Sleeping          |     2 |     7 |     4 |       ||    13
       Distracted        |       |       |     3 |       ||     3
       Confused          |       |       |     4 |       ||     4
  Eat: Meat ration       |       |     1 |     1 |     1 ||     3
       Pizza             |       |     1 |       |       ||     1
       Chunk             |       |     9 |    13 |       ||    22
       Beef jerky        |       |       |     1 |     1 ||     2
       Royal jelly       |       |       |       |     1 ||     1
